Map: Port Aleksander LE

Players

Seigifried - Winner!

  • Race: Protoss Protoss
  • League: Master
  • Spawn Location: 5:00

AlwaysHangry

  • Race: Terran Terran
  • League: Master
  • Spawn Location: 11:00

VOD

Have the link to the VOD?

Description

Memes

Time

  • Played on: May 17, 2019, 11:23 p.m.
  • Length: 12:03
Show
View Real Time Build Order
Export as new Build Order

Seigifried Protoss - Winner!

Build Orders:  

Get SALT Encoding   

  12  0:01  Probe  
  13  0:13  Probe  
  14  0:18  Pylon  
  14  0:25  Probe  
  15  0:38  Probe  
  15  0:40  Gateway  
  16  0:50  Probe  
  16  0:52  Assimilator  
  17  0:59  Pylon  
  17  1:08  Probe  
  18  1:17  Gateway  
  18  1:20  Probe  
  19  1:29  Cybernetics Core  
  19  1:33  Probe  
  20  1:49  Probe  
  21  2:00  Stalker  
  21  2:01  Stalker  
  20  2:13  Assimilator  
  20  2:14  Probe  
  25  2:17  Warp Gate  
  25  2:26  Probe  
  25  2:28  Pylon  
  26  2:38  Probe  
  27  2:59  Probe  
  28  3:11  Probe  
  29  3:16  Nexus  
  29  3:22  Adept  
  29  3:23  Robotics Facility, Adept  
  33  3:35  Probe  
  33  3:40  Pylon  
  34  3:47  Probe  
  35  3:55  Probe  
  36  4:04  Observer  
  36  4:05  Probe  
  38  4:20  Adept x2  
  38  4:21  Gateway  
  42  4:24  Shield Battery  
  42  4:26  Shield Battery  
  42  4:32  Gateway  
  42  4:39  Observer  
  43  4:48  Probe x2  
  45  4:53  Twilight Council, Stalker  
  45  4:59  Observer  
  41  5:06  Blink  
  42  5:09  Probe x2  
  42  5:11  Warp Prism  
  46  5:21  Probe x2  
  48  5:33  Probe x2  
  50  5:45  Probe  
  50  5:46  Probe  
  52  5:50  Stalker  
  52  5:51  Stalker  
  56  5:58  Probe  
  57  6:05  Stalker x2  
  57  6:09  Pylon  
  61  6:12  Pylon  
  61  6:19  Gateway  
  61  6:23  Gateway  
  61  6:28  Stalker  
  61  6:41  Observer  
  61  6:47  Shield Battery  
  61  6:48  Stalker x2  
  61  6:49  Stalker  
  67  6:57  Pylon  
  67  7:14  Zealot x5  
  77  7:26  Zealot  
  75  7:34  Probe  
  70  7:39  Zealot x5  
  76  7:44  Pylon  
  76  7:45  Pylon  
  74  7:54  Charge  
  74  7:56  Zealot  
  74  7:57  Zealot x2  
  80  7:59  Stalker  
  80  8:00  Stalker  
  84  8:18  Stalker x3  
  78  8:31  Observer  
  78  8:36  Pylon  
  78  8:37  Pylon  
  78  8:56  Stalker  
  78  8:57  Stalker x3  
  76  9:30  Stalker x4  
  67  9:50  Observer  
  68  10:10  Stalker x2  
  68  10:11  Zealot x2  
  62  10:41  Stalker  
  62  10:42  Stalker  
  66  10:58  Zealot x2  
  36  11:34  Zealot  
  29  11:50  Probe  
Show
View Real Time Build Order
Export as new Build Order

AlwaysHangry Terran 

Build Orders:  

Get SALT Encoding   

  12  0:01  SCV  
  13  0:13  SCV  
  14  0:18  Supply Depot  
  14  0:25  SCV  
  15  0:40  SCV  
  15  0:42  Barracks  
  16  0:47  Refinery  
  16  0:52  SCV  
  17  0:58  Refinery  
  17  1:04  SCV  
  18  1:16  SCV  
  19  1:29  Orbital Command  
  19  1:30  Marine  
  20  1:35  Factory  
  20  1:45  Supply Depot  
  20  1:49  Barracks Reactor  
  20  1:56  SCV  
  21  2:10  SCV  
  22  2:22  SCV  
  23  2:32  Widow Mine  
  23  2:33  Hellion  
  23  2:34  SCV  
  28  2:37  Marine  
  28  2:40  Bunker  
  28  2:43  Starport  
  29  2:46  SCV  
  30  3:13  SCV  
  31  3:20  Hellion x2  
  31  3:22  Medivac  
  37  3:42  Hellion  
  39  3:50  Barracks Tech Lab  
  39  3:55  Fusion Core  
  39  3:56  Supply Depot  
  39  3:57  Starport Tech Lab  
  37  4:19  Marine x2  
  37  4:21  Siege Tank  
  42  4:28  Supply Depot  
  42  4:29  SCV  
  43  4:49  Supply Depot  
  43  4:50  SCV, Battlecruiser  
  46  5:09  Marine x2  
  46  5:10  Siege Tank  
  51  5:17  Supply Depot  
  51  5:18  SCV  
  52  5:27  Marine x2  
  52  5:28  Supply Depot  
  54  5:30  SCV  
  55  5:42  Siege Tank, Supply Depot  
  58  5:44  Marine  
  58  5:45  Marine  
  60  6:02  Marine x2  
  62  6:06  Battlecruiser  
  68  6:20  Marine  
  68  6:22  Marine  
  70  6:38  Marine  
  71  6:56  SCV  
  72  7:01  Liberator  
  72  7:03  Marine x2  
  72  7:04  Siege Tank  
  72  7:08  Engineering Bay  
  77  7:21  Marine x2  
  68  7:53  Missile Turret  
  68  8:19  Orbital Command  
  67  9:07  Missile Turret  
  67  9:10  Refinery  
  67  9:11  Refinery  
  60  9:41  Supply Depot  
  43  10:43  Bunker  
  37  11:13  Bunker  
Tags
 
Add a new tag
Caveats
  • Supply blocks, unpowered buildings, or Contaminate may cause inaccurate times.
  • Supply counts are checked every 10 seconds.